 Dungeon Crawl Stone Soup version 0.20-b1-2-gc5a9893 (webtiles) character file.

37 turnburgler the Grave Robber (level 3, -6/22 HPs)
             Began as a Halfling Necromancer on May 21, 2017.
             Killed from afar by a white imp (11 damage)
             ... with a puff of frost
             ... summoned by Natasha
             ... on level 2 of the Dungeon.
             The game lasted 00:11:44 (1780 turns).

turnburgler the Grave Robber (Halfling Necromancer) Turns: 1780, Time: 00:11:44

Health: -6/22      AC:  2    Str:  9    XL:     3   Next: 62%
Magic:  2/5        EV: 15    Int: 14    God:
Gold:   66         SH:  0    Dex: 14    Spells: 0/5 levels left

rFire    . . .     SeeInvis .   j - +0 short sword
rCold    . . .     Gourm    .   (shield restricted)
rNeg     . . .     Faith    .   a - +0 robe
rPois    .         Spirit   .   (no helmet)
rElec    .         Reflect  .   (no cloak)
rCorr    .         Harm     .   (no gloves)
MR       .....                  (no boots)
Stlth    ++........             (no amulet)
Regen    0.1/turn               (no ring)
MPRegen  0.1/turn               (no ring)

@: no status effects
A: mutation resistance 1
a: no special abilities


You were on level 2 of the Dungeon.
You were not hungry.

You visited 1 branch of the dungeon, and saw 2 of its levels.

You collected 66 gold pieces.

Inventory:

Hand Weapons
 j - a +0 short sword (weapon)
Missiles
 k - 2 tomahawks (quivered)
 m - 34 stones
 r - 7 steel javelins
 w - 10 arrows
Armour
 a - a +0 robe (worn)
 f - a +0 leather armour
 s - a +0 ring mail
Jewellery
 h - a +4 ring of strength {unknown}
 i - a cursed ring of teleportation {unknown}
Scrolls
 l - a scroll of remove curse
 n - a scroll of enchant armour {unknown}
 u - a scroll of recharging {unknown}
 v - a scroll of teleportation {unknown}
 x - a scroll of magic mapping {unknown}
Potions
 e - a potion of haste
 o - 2 potions of curing
 q - a potion of might
 t - 2 potions of flight
 z - a potion of degeneration {unknown}
Books
 b - a book of Necromancy

   Spells                             Type                      Level
   a - Pain                           Necromancy                   1
   b - Animate Skeleton               Necromancy                   1
   c - Vampiric Draining              Necromancy                   3
   d - Regeneration                   Charms/Necromancy            3
   e - Animate Dead                   Necromancy                   4
   f - Control Undead                 Necromancy                   4
Comestibles
 c - 2 bread rations
 p - a royal jelly


   Skills:
 + Level 0.8 Fighting
 + Level 0.4 Armour
 + Level 3.0 Dodging
 - Level 2.1 Stealth
 + Level 1.8 Spellcasting
 * Level 0.0 Charms
 - Level 3.4 Necromancy


You couldn't memorise any spells.
You knew the following spells:

 Your Spells              Type           Power        Failure   Level  Hunger
a - Pain                  Necr           ##..         6%          1    ##.....
b - Animate Skeleton      Necr           N/A          6%          1    ##.....
c - Regeneration          Chrm/Necr      #.........   34%         3    ####...


Dungeon Overview and Level Annotations

Branches:
Dungeon (2/15)

Altars:

Annotations:
D:2 Natasha


Innate Abilities, Weirdness & Mutations

You are small and have problems with some larger weapons.
You are somewhat resistant to further mutation.


Message History

Natasha writhes in agony!
The crimson imp barely misses you.
Natasha casts a spell.
The crimson imp blinks!
The white imp gestures at you. The puff of frost misses you.
Natasha stares at you and mumbles some strange words.
The magic dart hits you!
The white imp sputters.
Natasha mumbles some strange words.
The crimson imp disappears in a puff of smoke!
Natasha casts a spell.
The white imp lashes its tail.
The white imp gestures at you. The puff of frost hits you!
Ouch! That really hurt!
* * * LOW HITPOINT WARNING * * *
The white imp gestures at you. The puff of frost hits you!
Ouch! That really hurt!
You die...

#.# #.# #.# #.# #.# #.# #.#
#.# #.# #.# #.# ### #.# #.#
#### #.# ..# #.# #.# ..#
#.# ..# ###.####.####.# #.#
..#######.........<...# #.#
.!........5.h5..@.##### #.#
..........5.............#.#
#.................#######.#
#.........#+####### #.#
#......ยง..# #.#
#.........# #.#
#.........##.. #.#
#.........##.# #.#
#.........##.# #.#


You could see Natasha, a white imp and 2 shadow imps.

Vanquished Creatures
  An adder (D:2)
  3 giant cockroaches
  A goblin (D:2)
  3 hobgoblins (D:1)
  2 jackals (D:2)
  6 bats
  A frilled lizard (D:2)
  4 kobolds
  6 rats (D:1)
27 creatures vanquished.

Vanquished Creatures (collateral kills)
  A goblin (D:2)
  A frilled lizard (D:2)
2 creatures vanquished.

Grand Total: 29 creatures vanquished

Notes
Turn   | Place    | Note
-------+----------+-------------------------------------------
     0 | D:1      | turnburgler the Halfling Necromancer began the quest for the Orb.
     0 | D:1      | Reached XP level 1. HP: 11/11 MP: 3/3
   283 | D:1      | Reached XP level 2. HP: 12/18 MP: 0/4
   820 | D:1      | Learned a level 1 spell: Animate Skeleton
   947 | D:2      | Reached XP level 3. HP: 19/22 MP: 2/5
  1013 | D:1      | HP: 1/22 [adder (1)]
  1743 | D:2      | Learned a level 3 spell: Regeneration
  1760 | D:2      | Noticed Natasha
  1780 | D:2      | Killed from afar by a white imp

Skill      XL: |  1  2  3 |
---------------+----------+-----
Dodging        | 3 |  3.0
Fighting       | |  0.8
Armour         | |  0.4
Stealth        | |  2.1
Spellcasting   | |  1.8
Necromancy     | |  3.4

Action                   || total
-------------------------++-------
Melee: Short sword       ||    15
 Cast: Pain              ||    51
       Animate Skeleton  ||     2
  Use: Potion            ||     6
       Scroll            ||     1
  Eat: Chunk             ||     2
       Bread ration      ||     1
Armor: Robe              ||     7
Dodge: Dodged            ||    54
